[ PARTIDA AOE2 · #477603390 ]
UnrankedBúlgaros vs Burgundians
Equipo del jugador · VICT
Equipo rival · DERR
[ ANÁLISIS DE REPETICIÓN · EXTRAÍDO DE LA PARTIDA GRABADA ]
Feudal
8:51
Castillos
22:41
Imperial
39:09
| APM promedio | 43.7 |
| APM pico | 70 |
| eAPM promedio | 25.8 |
| Aldeanos / militares | 245 / 570 |
Foco
⚔️ 48.3% · 🌾 51.7%
Spearman ×167 · Scout Cavalry ×156 · Militia ×104 · Scorpion ×47 · Skirmisher ×44 · Trebuchet (Packed) ×19
Feudal
10:30
Castillos
22:01
Imperial
39:45
| APM promedio | 56.3 |
| APM pico | 118 |
| eAPM promedio | 31.0 |
| Aldeanos / militares | 246 / 359 |
Foco
⚔️ 33.0% · 🌾 67.0%
Scout Cavalry ×141 · Knight ×109 · Hand Cannoneer ×81 · Skirmisher ×14 · Trebuchet (Packed) ×6 · Monk ×4
Mapa de la partida
Recursos iniciales + cada clic de construcción. Líneas = muros · curvas = relieve. ◆ oro · ⬟ piedra · ● bayas · ✦ reliquia · ◌ hueco del cierre
Tu base· Abierta — flanco sin cerrar
Base de santiagoap· ✓ Cerrada en 22:01 · 41t muro · 2 puerta(s)
Terreno inicial suavizado · ◌ = hueco del cierre detectado · pasá el cursor para detalles
Inputs por minuto
— MZTK | PaladinMx - - santiagoap
Build order — MZTK | PaladinMx
Primeras 150 de 749 acciones detectadas
| 0:01 | Crear | Villager (Male) ×4 |
| 0:02 | Construir | House |
| 0:03 | Construir | House |
| 1:24 | Crear | Villager (Male) |
| 1:50 | Construir | Lumber Camp |
| 1:59 | Crear | Villager (Male) |
| 2:15 | Crear | Villager (Male) |
| 2:37 | Crear | Villager (Male) |
| 3:03 | Crear | Villager (Male) |
| 3:20 | Crear | Villager (Male) |
| 3:21 | Crear | Villager (Male) |
| 3:25 | Construir | House |
| 3:55 | Crear | Villager (Male) |
| 4:15 | Crear | Villager (Male) |
| 4:39 | Crear | Villager (Male) |
| 4:58 | Crear | Villager (Male) |
| 5:29 | Crear | Villager (Male) |
| 5:40 | Construir | Barracks |
| 6:05 | Investigar | Loom |
| 6:27 | Construir | House |
| 6:39 | Investigar | Feudal Age |
| 7:09 | Crear | Militia |
| 7:09 | Crear | Militia |
| 7:19 | Construir | Mining Camp |
| 7:23 | Crear | Militia |
| 7:48 | Crear | Militia |
| 7:55 | Construir | House |
| 8:49 | Crear | Villager (Male) |
| 8:51 | Edad | Edad Feudal |
| 8:58 | Construir | Archery Range |
| 9:13 | Crear | Villager (Male) |
| 9:36 | Construir | Mill |
| 9:37 | Crear | Villager (Male) |
| 9:40 | Crear | Archer |
| 10:03 | Crear | Archer |
| 10:07 | Crear | Villager (Male) |
| 10:10 | Construir | House |
| 10:33 | Investigar | Arson |
| 10:33 | Investigar | Arson |
| 10:37 | Construir | Blacksmith |
| 10:42 | Crear | Villager (Male) |
| 10:42 | Crear | Villager (Male) |
| 10:54 | Crear | Archer |
| 11:05 | Construir | Farm |
| 11:08 | Crear | Villager (Male) |
| 11:29 | Construir | Farm |
| 11:54 | Investigar | Fletching |
| 11:54 | Investigar | Fletching |
| 11:55 | Investigar | Fletching |
| 11:55 | Crear | Villager (Male) |
| 11:55 | Crear | Villager (Male) |
| 11:55 | Crear | Villager (Male) |
| 12:38 | Crear | Archer |
| 12:39 | Crear | Villager (Male) |
| 12:39 | Crear | Villager (Male) |
| 12:40 | Construir | Farm |
| 12:41 | Construir | Farm |
| 12:58 | Crear | Archer |
| 13:09 | Crear | Villager (Male) |
| 13:11 | Construir | Farm |
| 13:13 | Construir | House |
| 13:15 | Construir | House |
| 13:48 | Crear | Archer |
| 13:49 | Crear | Villager (Male) |
| 14:18 | Crear | Villager (Male) |
| 14:20 | Construir | Farm |
| 14:21 | Construir | Farm |
| 14:27 | Construir | Farm |
| 14:33 | Crear | Archer |
| 14:34 | Crear | Villager (Male) |
| 14:38 | Investigar | Double-Bit Axe |
| 14:39 | Investigar | Double-Bit Axe |
| 14:57 | Crear | Archer |
| 15:13 | Investigar | Horse Collar |
| 15:15 | Crear | Villager (Male) |
| 15:25 | Crear | Archer |
| 15:27 | Construir | Watch Tower |
| 15:39 | Investigar | Padded Archer Armor |
| 15:43 | Construir | House |
| 15:55 | Investigar | Town Watch |
| 16:04 | Construir | Mining Camp |
| 16:13 | Crear | Archer |
| 16:14 | Crear | Villager (Male) |
| 16:30 | Crear | Archer |
| 16:37 | Crear | Villager (Male) |
| 16:54 | Crear | Militia |
| 16:54 | Crear | Militia |
| 16:57 | Crear | Villager (Male) |
| 17:03 | Construir | Farm |
| 17:04 | Construir | Farm |
| 17:29 | Crear | Villager (Male) |
| 17:30 | Construir | Farm |
| 17:31 | Construir | Farm |
| 17:33 | Construir | Farm |
| 17:42 | Construir | Lumber Camp |
| 18:01 | Crear | Villager (Male) |
| 18:23 | Crear | Villager (Male) |
| 18:27 | Construir | Market |
| 18:36 | Crear | Villager (Male) |
| 18:51 | Construir | Farm |
| 18:52 | Construir | Farm |
| 19:19 | Crear | Villager (Male) |
| 19:21 | Construir | House |
| 19:51 | Construir | House |
| 20:01 | Investigar | Castle Age |
| 20:01 | Investigar | Castle Age |
| 20:01 | Investigar | Castle Age |
| 20:21 | Construir | Barracks |
| 20:48 | Crear | Militia |
| 20:49 | Investigar | Scale Mail Armor |
| 20:54 | Investigar | Gold Mining |
| 20:54 | Investigar | Gold Mining |
| 21:00 | Construir | Lumber Camp |
| 21:05 | Crear | Militia |
| 21:18 | Investigar | Forging |
| 21:18 | Investigar | Forging |
| 21:20 | Crear | Militia |
| 21:24 | Crear | Militia |
| 21:24 | Crear | Militia |
| 21:34 | Construir | House |
| 21:35 | Construir | House |
| 21:36 | Construir | House |
| 21:36 | Construir | House |
| 21:48 | Crear | Militia |
| 22:41 | Edad | Edad de los Castillos |
| 22:42 | Investigar | Squires |
| 22:43 | Investigar | Chain Mail Armor |
| 22:44 | Crear | Villager (Male) |
| 22:49 | Construir | Siege Workshop |
| 22:57 | Construir | Farm |
| 22:58 | Construir | Farm |
| 23:05 | Investigar | Bow Saw |
| 23:07 | Crear | Villager (Male) |
| 23:08 | Construir | Farm |
| 23:09 | Construir | Farm |
| 23:21 | Crear | Spearman |
| 23:22 | Crear | Spearman |
| 23:29 | Crear | Villager (Male) |
| 23:37 | Construir | Monastery |
| 23:43 | Crear | Spearman |
| 23:44 | Crear | Spearman |
| 23:50 | Crear | Villager (Male) |
| 24:11 | Crear | Scorpion |
| 24:18 | Crear | Scorpion |
| 24:20 | Crear | Spearman |
| 24:20 | Crear | Spearman |
| 24:22 | Crear | Villager (Male) |
| 24:26 | Construir | Farm |
| 24:48 | Crear | Monk |
| 24:48 | Crear | Monk |
Build order — santiagoap
Primeras 150 de 834 acciones detectadas
| 0:00 | Crear | Villager (Male) |
| 0:00 | Crear | Villager (Male) |
| 0:01 | Crear | Villager (Male) |
| 0:02 | Construir | House |
| 0:03 | Construir | House |
| 1:02 | Crear | Villager (Male) |
| 1:39 | Crear | Villager (Male) |
| 1:45 | Construir | Lumber Camp |
| 2:00 | Crear | Villager (Male) |
| 2:14 | Crear | Villager (Male) |
| 2:50 | Crear | Villager (Male) |
| 3:16 | Crear | Villager (Male) |
| 3:42 | Crear | Villager (Male) |
| 3:58 | Construir | House |
| 3:59 | Construir | House |
| 4:05 | Crear | Villager (Male) |
| 4:29 | Investigar | Double-Bit Axe |
| 4:34 | Crear | Villager (Male) |
| 4:56 | Crear | Villager (Male) |
| 5:04 | Construir | Palisade Wall |
| 5:10 | Construir | House |
| 5:18 | Crear | Villager (Male) |
| 5:20 | Construir | House |
| 5:35 | Construir | Palisade Wall |
| 5:45 | Crear | Villager (Male) |
| 5:53 | Construir | House |
| 5:55 | Construir | Palisade Wall |
| 6:10 | Crear | Villager (Male) |
| 6:32 | Crear | Villager (Male) |
| 6:39 | Construir | House |
| 6:40 | Construir | Palisade Wall |
| 6:41 | Construir | Palisade Wall |
| 7:02 | Construir | House |
| 7:03 | Construir | Palisade Wall |
| 7:03 | Crear | Villager (Male) |
| 7:16 | Construir | Palisade Wall |
| 7:24 | Investigar | Loom |
| 7:42 | Construir | Mill |
| 7:46 | Crear | Villager (Male) |
| 8:10 | Investigar | Feudal Age |
| 9:07 | Construir | Lumber Camp |
| 9:15 | Construir | House |
| 9:56 | Construir | Barracks |
| 10:20 | Crear | Villager (Male) |
| 10:25 | Construir | House |
| 10:30 | Construir | Palisade Wall |
| 10:30 | Edad | Edad Feudal |
| 10:37 | Crear | Villager (Male) |
| 10:50 | Construir | Archery Range |
| 10:51 | Investigar | Bow Saw |
| 11:01 | Investigar | Horse Collar |
| 11:14 | Crear | Villager (Male) |
| 11:28 | Crear | Skirmisher |
| 11:31 | Crear | Villager (Male) |
| 11:36 | Construir | Farm |
| 11:36 | Construir | Farm |
| 11:51 | Crear | Skirmisher |
| 11:57 | Crear | Villager (Male) |
| 11:59 | Construir | Farm |
| 12:01 | Construir | Farm |
| 12:14 | Construir | Blacksmith |
| 12:24 | Crear | Villager (Male) |
| 12:26 | Construir | Farm |
| 12:37 | Crear | Skirmisher |
| 12:56 | Construir | Watch Tower |
| 13:00 | Crear | Villager (Male) |
| 13:01 | Crear | Skirmisher |
| 13:07 | Construir | Farm |
| 13:10 | Construir | Farm |
| 13:13 | Construir | Palisade Gate |
| 13:20 | Construir | House |
| 13:42 | Crear | Villager (Male) |
| 13:43 | Crear | Skirmisher |
| 14:01 | Crear | Villager (Male) |
| 14:21 | Crear | Skirmisher |
| 14:25 | Crear | Villager (Male) |
| 14:27 | Construir | House |
| 14:33 | Crear | Villager (Male) |
| 14:35 | Construir | Farm |
| 14:38 | Construir | Farm |
| 14:40 | Construir | Farm |
| 14:42 | Construir | Farm |
| 14:44 | Construir | Farm |
| 14:45 | Construir | Farm |
| 14:47 | Crear | Villager (Male) |
| 14:59 | Crear | Skirmisher |
| 15:04 | Construir | Farm |
| 15:08 | Construir | Mining Camp |
| 15:13 | Crear | Skirmisher |
| 15:21 | Construir | House |
| 15:32 | Crear | Villager (Male) |
| 15:35 | Construir | House |
| 15:36 | Construir | House |
| 15:46 | Crear | Villager (Male) |
| 15:47 | Investigar | Fletching |
| 16:12 | Investigar | Heavy Plow |
| 16:17 | Construir | Farm |
| 16:46 | Crear | Villager (Male) |
| 16:48 | Crear | Skirmisher |
| 17:09 | Crear | Villager (Male) |
| 17:23 | Crear | Villager (Male) |
| 17:41 | Construir | Market |
| 17:43 | Construir | House |
| 17:45 | Construir | Palisade Wall |
| 17:46 | Construir | Palisade Wall |
| 17:47 | Construir | Palisade Wall |
| 17:56 | Crear | Villager (Male) |
| 18:10 | Crear | Skirmisher |
| 18:11 | Investigar | Padded Archer Armor |
| 18:18 | Crear | Villager (Male) |
| 18:29 | Construir | Stable |
| 18:36 | Crear | Skirmisher |
| 18:36 | Crear | Villager (Male) |
| 19:21 | Investigar | Castle Age |
| 19:21 | Investigar | Castle Age |
| 19:27 | Investigar | Gold Mining |
| 19:37 | Construir | Farm |
| 19:53 | Investigar | Scale Barding Armor |
| 20:03 | Crear | Skirmisher |
| 20:27 | Construir | House |
| 20:34 | Crear | Skirmisher |
| 20:43 | Construir | Stable |
| 20:47 | Construir | Palisade Gate |
| 20:59 | Crear | Skirmisher |
| 21:39 | Investigar | Wheelbarrow |
| 21:41 | Crear | Villager (Male) |
| 22:01 | Edad | Edad de los Castillos |
| 22:02 | Crear | Knight |
| 22:02 | Crear | Knight |
| 22:03 | Investigar | Bodkin Arrow |
| 22:04 | Crear | Villager (Male) |
| 22:40 | Crear | Villager (Male) |
| 22:47 | Crear | Knight |
| 22:47 | Crear | Knight |
| 22:50 | Investigar | Husbandry |
| 22:55 | Construir | Town Center |
| 23:01 | Construir | Town Center |
| 23:16 | Crear | Knight |
| 23:16 | Crear | Knight |
| 23:20 | Crear | Villager (Male) |
| 23:30 | Crear | Villager (Male) |
| 23:32 | Investigar | Hand Cart |
| 23:42 | Crear | Villager (Male) |
| 23:57 | Investigar | Cavalier (upgrade) |
| 23:58 | Crear | Villager (Male) |
| 24:01 | Crear | Villager (Male) |
| 24:20 | Crear | Villager (Male) |
| 24:21 | Crear | Villager (Male) |
| 24:43 | Construir | Monastery |
| 24:47 | Crear | Knight |
Cronología de la partida
| 5:04 | santiagoap · wall_segment Palisade Wall x7 |
| 5:35 | santiagoap · wall_segment Palisade Wall x3 |
| 5:40 | MZTK | PaladinMx · first_building Barracks |
| 5:55 | santiagoap · wall_segment Palisade Wall x5 |
| 6:40 | santiagoap · wall_segment Palisade Wall x1 |
| 6:41 | santiagoap · wall_segment Palisade Wall x1 |
| 7:03 | santiagoap · wall_segment Palisade Wall x7 |
| 7:16 | santiagoap · wall_segment Palisade Wall x1 |
| 8:51 | MZTK | PaladinMx · age_up feudal |
| 8:58 | MZTK | PaladinMx · first_building Archery Range |
| 9:56 | santiagoap · first_building Barracks |
| 10:30 | santiagoap · age_up feudal |
| 10:30 | santiagoap · wall_segment Palisade Wall x1 |
| 10:50 | santiagoap · first_building Archery Range |
| 17:45 | santiagoap · wall_segment Palisade Wall x5 |
| 17:46 | santiagoap · wall_segment Palisade Wall x8 |
| 17:47 | santiagoap · wall_segment Palisade Wall x4 |
| 18:29 | santiagoap · first_building Stable |
| 19:08 | MZTK | PaladinMx · first_market_buy 500 food |
| 19:09 | MZTK | PaladinMx · first_market_sell 500 stone |
| 19:16 | santiagoap · first_market_sell 100 wood |
| 19:17 | santiagoap · first_market_buy 100 food |
| 22:01 | santiagoap · age_up castle |
| 22:41 | MZTK | PaladinMx · age_up castle |
| 22:49 | MZTK | PaladinMx · first_building Siege Workshop |
| 23:37 | MZTK | PaladinMx · first_building Monastery |
| 24:43 | santiagoap · first_building Monastery |
| 27:54 | santiagoap · wall_segment Palisade Wall x10 |
| 27:56 | santiagoap · wall_segment Palisade Wall x14 |
| 37:07 | MZTK | PaladinMx · first_building Krepost |
| 37:15 | santiagoap · first_building Castle |
| 39:09 | MZTK | PaladinMx · age_up imperial |
| 39:17 | MZTK | PaladinMx · first_building Castle |
| 39:45 | santiagoap · age_up imperial |
| 48:54 | santiagoap · first_building Siege Workshop |
| 49:11 | MZTK | PaladinMx · first_building Stable |
| 60:55 | santiagoap · wall_segment Palisade Wall x27 |
| 65:05 | santiagoap · resign |
[ ANÁLISIS IA · 1 CRÉDITO ]
¿Qué pasó realmente en esta partida?
Wolo.gg analiza cada decisión: build order, eco, micro, errores típicos por bracket. Análisis personalizado por WhatsApp o Discord en 30 segundos.
Guía civ
Búlgaros
Perfil
MZTK | TruNkS